 Dungeon Crawl Stone Soup version 0.19.1-1-g22dce08 (webtiles) character file.

105 TryAgain the Magician (level 4, -2/30 HPs)
             Began as a Demonspawn Wizard on Jan 20, 2017.
             Was an Initiate of Vehumet.
             Killed by nerve-wracking pain
             ... invoked by an orc priest
              (6 damage)
             ... on level 2 of the Dungeon.
             The game lasted 00:06:28 (2096 turns).

TryAgain the Magician (Demonspawn Wizard)           Turns: 2096, Time: 00:06:29

Health: -2/30      AC:  3    Str:  7    XL:     4   Next: 54%
Magic:  0/10       EV: 12    Int: 20    God:    Vehumet [......]
Gold:   84         SH:  0    Dex: 12    Spells: 1 memorised, 10 levels left

rFire  + . .     SeeInvis .     f - +0 short sword (freeze)
rCold  . . .     Gourm    .     r - +0 leather armour
rNeg   . . .     Faith    .     (no shield)
rPois  .         Spirit   .     b - +0 hat
rElec  .         Reflect  .     (no cloak)
rCorr  .         Harm     .     (no gloves)
MR     .....                    (no boots)
Stlth  ++........               (no amulet)
                                (no ring)
                                (no ring)

@: lethally poisoned (-2 -> -3), very slightly contaminated
A: demonic guardian 1, fire resistance 1
a: Renounce Religion


You were on level 2 of the Dungeon.
You worshipped Vehumet.
Vehumet was noncommittal.
You were not hungry.

You visited 1 branch of the dungeon, and saw 3 of its levels.

You collected 84 gold pieces.

Inventory:

Hand Weapons
 f - a +0 short sword of freezing (weapon)
 h - a +0 hunting sling
Armour
 b - a +0 hat (worn)
 r - a +0 leather armour (worn)
Scrolls
 e - 2 scrolls of remove curse {unknown}
 g - a scroll of blinking {unknown}
 i - a scroll of immolation {unknown}
 j - a scroll of teleportation {unknown}
 o - 2 scrolls of identify {unknown}
 p - a scroll of amnesia {unknown}
Potions
 k - 2 potions of lignification {unknown}
 l - 2 potions of degeneration {unknown}
 n - a potion of ambrosia {unknown}
 s - a potion of berserk rage {unknown}
Books
 c - a book of Minor Magic

   Spells                             Type                      Level
   a - Magic Dart                     Conjuration                  1
   b - Blink                          Translocation                2
   c - Call Imp                       Summoning                    2
   d - Repel Missiles                 Charms/Air                   2
   e - Slow                           Hexes                        2
   f - Conjure Flame                  Conjuration/Fire             3
   g - Mephitic Cloud                 Conjuration/Poison/Air       3
Comestibles
 d - 2 bread rations
 m - 4 fruits
 q - 2 meat rations


   Skills:
 + Level 3.0 Dodging
 - Level 1.7 Stealth
 + Level 4.0 Spellcasting
 + Level 2.1 Conjurations
   Level 1.0 Summonings
   Level 0.8 Translocations


You had 10 spell levels left.
You knew the following spells:

 Your Spells              Type           Power        Failure   Level  Hunger
a - Magic Dart            Conj           ##..         10%         1    None


Dungeon Overview and Level Annotations

Branches:
Dungeon (3/15)

Altars:
Dithmenos
Vehumet


Innate Abilities, Weirdness & Mutations

A weak demonic guardian rushes to your aid.
Your flesh is heat resistant. (rF+)


Message History

The orc priest completely misses you.
Casting: Magic Dart
Confirm with . or Enter, or press ? or * to list all spells.
Aiming: Magic Dart
Press: ? - help, Shift-Dir - straight line, f/p - orc priest
Aim: an orc priest, wielding a flail and wearing a chain mail (heavily wounded)
The magic dart hits the orc priest.
The orc priest is heavily wounded.
You feel sick. The orc priest closely misses you.
Casting: Magic Dart
Confirm with . or Enter, or press ? or * to list all spells.
Aiming: Magic Dart
Press: ? - help, Shift-Dir - straight line, f/p - orc priest
Aim: an orc priest, wielding a flail and wearing a chain mail (heavily wounded)
You miscast Magic Dart.
You are very lightly contaminated with residual magic.
Nothing appears to happen.
The orc priest mumbles some strange prayers to Beogh against you.
Pain shoots through your body!
You die...

#.........###...##...
#.........# #...##...
#...÷.....# #...##...
#.........# ######...
#.....###### #...
#.....#....# #...
####'##....#######)..
#.##....#......)##
#@.5....'.......'.
###########o##....#.......##
#.........#.##....#......)#
##.######.#.##....#.......#
#.#....#.#.##....#.......#
#.#†##.#.#.##....#.......##
#.#.##<#.#.##....#.........
#.#.####.#.##....######....
#......#.#.####### #....


You could see an orc priest and a friendly white imp.

Vanquished Creatures
  5 adders
  An ooze (D:2)
  A worm (D:2)
  2 dart slugs
  An orc (D:3)
  6 bats
  5 giant cockroaches
  4 goblins
  5 hobgoblins
  2 quokkas
  3 frilled lizards (D:1)
  7 kobolds
  5 rats
47 creatures vanquished.

Vanquished Creatures (collateral kills)
  An orc (D:3)
1 creature vanquished.

Grand Total: 48 creatures vanquished

Notes
Turn   | Place    | Note
-------+----------+-------------------------------------------
     0 | D:1      | TryAgain the Demonspawn Wizard began the quest for the Orb.
     0 | D:1      | Reached XP level 1. HP: 13/13 MP: 4/4
   253 | D:1      | Gained mutation: Your flesh is heat resistant. (rF+) [demonic ancestry]
   253 | D:1      | Reached XP level 2. HP: 8/19 MP: 0/6
  1053 | D:2      | Gained mutation: A weak demonic guardian rushes to your aid. [demonic ancestry]
  1053 | D:2      | Reached XP level 3. HP: 7/24 MP: 0/8
  1587 | D:2      | Reached XP level 4. HP: 25/30 MP: 3/9
  1950 | D:3      | Found a radiant altar of Vehumet.
  1956 | D:3      | Became a worshipper of Vehumet
  1966 | D:3      | Found a shadowy altar of Dithmenos.
  2070 | D:3      | Noticed an orc warrior
  2085 | D:3      | Reached skill level 4 in Spellcasting
  2096 | D:2      | Killed from afar by an orc priest

Skill      XL: |  1  2  3  4 |
---------------+-------------+-----
Dodging        | 2 3 |  3.0
Conjurations   | 2 |  2.1
Spellcasting   | 4 |  4.0
Stealth        | |  1.7
Summonings     | |  1.0
Translocations | |  0.8

Action                   |  1- 3 |  4- 6 || total
-------------------------+-------+-------++-------
Melee: Short sword       |    53 |    12 ||    65
       Unarmed           |     5 |       ||     5
 Cast: Magic Dart        |    76 |    32 ||   108
  Eat: Chunk             |     2 |     2 ||     4
Armor: Robe              |    21 |     1 ||    22
       Leather armour    |       |     7 ||     7
Dodge: Dodged            |    62 |    19 ||    81
